 Dungeon Crawl Stone Soup version 0.32-a0-306-gfed3edf829 (webtiles) character file.

Game seed: 10985944803179337142

149 AlmostDecent the Chopper (level 5, -3/46 HPs)
             Began as a Mountain Dwarf Fighter on Feb 15, 2024.
             Succumbed to a scorpion's poison
             ... on level 3 of the Dungeon.
             The game lasted 00:04:20 (1398 turns).

AlmostDecent the Chopper (Mountain Dwarf Fighter)   Turns: 1398, Time: 00:04:21

Health: -3/46      AC:  7    Str: 21    XL:     5   Next: 9%
Magic:  5/5        EV:  9    Int:  8    God:
Gold:   86         SH:  4    Dex:  9    Spells: 4/4 levels left

rFire   + . .        a - +0 war axe
rCold   . . .        c - +0 buckler
rNeg    . . .        b - +0 scale mail
rPois   .            (no helmet)
rElec   .            (no cloak)
rCorr   .            (no gloves)
SInv    .            (no boots)
Will    .....        (no amulet) Stlth
                     h - ring of protection from fire
HPRegen 0.27/turn    (no ring)
MPRegen 0.09/turn

%: no passive effects
@: lethally poisoned (-3 -> -16)
A: runic magic, artefact enchanting
a: no special abilities


You were on level 3 of the Dungeon.
You visited 1 branch of the dungeon, and saw 3 of its levels.

You collected 86 gold pieces.

Inventory:

Hand Weapons
 a - a +0 war axe (weapon)
Armour
 b - a +0 scale mail (worn)
 c - a +0 buckler (worn)
Jewellery
 h - a ring of protection from fire (left hand)
Wands
 d - a wand of flame (14)
Scrolls
 f - a scroll of brand weapon {unknown}
 g - 3 scrolls of identify {unknown}
 j - a scroll of blinking {unknown}
Potions
 e - a potion of brilliance
 i - a potion of cancellation {unknown}


   Skills:
 + Level 3.8 Fighting
 * Level 5.3 Axes
 + Level 3.8 Armour
 + Level 3.6 Shields


You had 4 spell levels left.
You didn't know any spells.
Your spell library was empty.

Dungeon Overview and Level Annotations

Branches:
Dungeon (3/15)

Altars:

Annotations:
D:2 Sigmund


Innate Abilities, Weirdness & Mutations

Your spellcasting is much less encumbered by armour.
You can use scrolls of enchantment on lesser artefacts.


Message History

The scorpion stings you.
You are poisoned.
The scorpion poisons you! The scorpion stings you.
You are more poisoned.
The scorpion poisons you!
You completely miss the scorpion.
The scorpion is moderately wounded.
You feel extremely sick.
The scorpion stings you but does no damage.
You barely miss the scorpion.
The scorpion is moderately wounded.
You feel very sick. The scorpion barely misses you.
The scorpion closely misses you.
You barely miss the scorpion.
The scorpion is moderately wounded.
You feel very sick. The scorpion stings you.
You are too injured to fight recklessly!
You are too injured to fight recklessly!
You are too injured to fight recklessly!
You are too injured to fight recklessly!
You hit the scorpion.
The scorpion is moderately wounded.
You feel very sick. The scorpion stings you. x2
You hit the scorpion.
The scorpion is heavily wounded.
You feel sick. The scorpion stings you.
* * * LOW HITPOINT WARNING * * *
You are lethally poisoned!
The scorpion poisons you!
You hit the scorpion.
The scorpion is heavily wounded.
* * * LOW HITPOINT WARNING * * *
You feel very sick. You block the scorpion's attack. The scorpion stings you.
* * * LOW HITPOINT WARNING * * *
You slash the scorpion!
The scorpion is almost dead.
You die...

########## #........# ##
##........#############.
.'....$@......>......##.
##....s...####.####.#...
#........# #.# #.####
#........# ##'####.....
########## #....##^....
#....##.....
#....#......
#....#.####.
############
#.<....####'


You could see a scorpion.

Vanquished Creatures
  Terence (D:2)
  2 adders
  An adder skeleton (D:2)
  3 dart slugs
  An orc (D:3)
  4 ball pythons
  A bat skeleton (D:2)
  5 endoplasms
  3 giant cockroaches (D:1)
  3 goblins
  10 hobgoblins
  5 kobolds
  A quokka (D:3)
  A ball python zombie (D:2)
  3 bats
  5 frilled lizards (D:1)
  A jackal skeleton (D:2)
  2 quokka skeletons (D:2)
  5 rats
57 creatures vanquished.

Notes
Turn   | Place    | Note
-------+----------+-------------------------------------------
     0 | D:1      | AlmostDecent the Mountain Dwarf Fighter began the quest for
                  | the Orb.
     0 | D:1      | Reached XP level 1. HP: 19/19 MP: 1/1
    79 | D:1      | Reached XP level 2. HP: 24/26 MP: 2/2
   165 | D:1      | Reached skill level 3 in Axes
   322 | D:1      | Reached XP level 3. HP: 33/33 MP: 3/3
   946 | D:2      | Reached skill level 4 in Axes
   973 | D:2      | Reached XP level 4. HP: 40/40 MP: 4/4
   977 | D:2      | Noticed Terence
  1004 | D:2      | Killed Terence
  1144 | D:2      | Noticed Sigmund
  1215 | D:3      | Reached skill level 5 in Axes
  1289 | D:3      | Found a faded altar of an unknown god.
  1322 | D:3      | Reached XP level 5. HP: 46/46 MP: 5/5
  1397 | D:3      | HP: 1/46 [scorpion (2)]
  1398 | D:3      | Succumbed to a scorpion's poison

Illustrated notes

Levels and vault maps discovered:
D:1:      mrwooster_arrival_arrow, layout_basic
D:2:      layout_rooms, serial_undead, serial_undead_f, serial_undead_c,
          serial_undead_a, serial_undead_b, serial_undead_f, serial_undead_d,
          serial_undead_a, serial_undead_b, serial_undead_b, serial_undead_b,
          uniq_sigmund, uniq_terence
D:3:      layout_basic, grunt_gozag_statues, dreamdust_ecumenical_altar_statues

Skill      XL: |  1  2  3  4 |
---------------+-------------+-----
Axes           | 3 4 5 |  5.3
Fighting       | |  3.8
Armour         | |  3.8
Shields        | |  3.6

Action                     |  1- 3 |  4- 6 || total
---------------------------+-------+-------++-------
  Melee: War axe           |    86 |    66 ||   152
    Use: Potion            |       |     4 ||     4
 Armour: Scale mail        |    69 |    59 ||   128
  Dodge: Dodged            |    54 |    25 ||    79
  Block: Buckler           |     9 |    25 ||    34

Table legend: (Time is in decaauts)
 A = Elapsed time spent in this place.
 B = Non-inter-level travel time spent in this place.
 C = Inter-level travel time spent in this place.
 D = Time resting spent in this place.
 E = Time spent auto-exploring this place.
 F = Levels seen in this place.
 G = Mean time per level.
                   A        B        C        D        E       F      G
               +--------+--------+--------+--------+--------+-----+--------+
         Total |   1449 |   1413 |     36 |      0 |   1049 |   3 |  483.0 |
       Dungeon |   1449 |   1413 |     36 |      0 |   1049 |   3 |  483.0 |
               +--------+--------+--------+--------+--------+-----+--------+

Top non-repeatable levels by time:
     D:1: 946 daAuts
     D:3: 255 daAuts
     D:2: 247 daAuts
